 Dungeon Crawl Stone Soup version 0.29.1-4-g47bece8355 (webtiles) character file.

Game seed: 11686629808899157917

769 Descartes the Firebug (level 7, -1/36 HPs)
             Began as a Deep Elf Fire Elementalist on Dec 8, 2022.
             Killed from afar by Maggie (20 damage)
             ... with a bolt of fire
             ... on level 7 of the Dungeon.
             The game lasted 00:06:08 (5263 turns).

Descartes the Firebug (Deep Elf Fire Elementalist)  Turns: 5263, Time: 00:06:09

Health: -1/36      AC:  5    Str:  5    XL:     7   Next: 52%
Magic:  6/16       EV: 10    Int: 22    God:
Gold:   246        SH: 10    Dex: 15    Spells: 9/15 levels left

rFire   . . .      SeeInvis .   (no weapon)
rCold   + . .      Faith    .   f - +2 kite shield
rNeg    . . .      Spirit   .   C - +0 leather armour
rPois   .          Reflect  .   y - +0 helmet
rElec   .          Harm     .   (no cloak)
rCorr   +          Rampage  .   (no gloves)
Will    .....                   E - +0 pair of boots
Stlth   +++.......              (no amulet)
HPRegen 0.12/turn               x - ring of protection from cold
MPRegen 0.15/turn               i - ring of resist corrosion

@: mesmerised
A: no striking features
a: no special abilities


You were on level 7 of the Dungeon.
You visited 1 branch of the dungeon, and saw 6 of its levels.

You collected 246 gold pieces.

Inventory:

Hand Weapons
 A - a +0 shortbow
 B - a +0 rapier
Missiles
 D - 5 poisoned darts
Armour
 f - a +2 kite shield (worn)
 y - a +0 helmet (worn)
 C - a +0 leather armour (worn)
 E - a +0 pair of boots (worn)
Jewellery
 i - a ring of resist corrosion (right hand)
 p - a ring of ice
 x - a ring of protection from cold (left hand)
Wands
 z - a wand of flame (12)
 G - a wand of charming (12)
Scrolls
 c - 9 scrolls of identify {unknown}
 d - 2 scrolls of enchant weapon {unknown}
 g - 2 scrolls of enchant armour {unknown}
 h - a scroll of amnesia {unknown}
 j - a scroll of butterflies {unknown}
 l - 2 scrolls of noise {unknown}
 r - 2 scrolls of fear {unknown}
 s - a scroll of vulnerability {unknown}
 t - 2 scrolls of magic mapping {unknown}
 v - 3 scrolls of teleportation {unknown}
Potions
 a - a potion of degeneration {unknown}
 b - a potion of magic
 e - 3 potions of might {unknown}
 k - 2 potions of invisibility {unknown}
 m - 2 potions of lignification {unknown}
 n - a potion of mutation {unknown}
 o - a potion of ambrosia {unknown}
 q - 3 potions of heal wounds {unknown}
 u - a potion of cancellation {unknown}
 w - a potion of attraction {unknown}
 F - a potion of curing {unknown}


   Skills:
 + Level 4.2 Dodging
 + Level 4.6 Stealth
 + Level 2.0 Shields
 + Level 4.8 Spellcasting
 * Level 4.7 Conjurations
 * Level 5.5 Fire Magic


You had 9 spell levels left.
You knew the following spells:

 Your Spells              Type           Power      Damage    Failure   Level
a - Foxfire               Conj/Fire      100%       2x1d9     7%          1
b - Magic Dart            Conj           100%       1d8       9%          1
c - Flame Wave            Conj/Fire      27%        2d9       56%         4

Your spell library contained the following spells:

 Spells                   Type           Power      Damage    Failure   Level
 Scorch                   Fire           58%        2d8       9%          2
 Searing Ray              Conj           52%        2d6       13%         2
 Conjure Flame            Conj/Fire      27%        6-21      21%         3
 Inner Flame              Hex/Fire       17%        N/A       47%         3
 Apportation              Tloc           10%        N/A       50%         1
 Necrotise                Necr           20%        1d5       50%         1
 Summon Small Mammal      Summ           20%        N/A       50%         1
 Ensorcelled Hibernation  Hex/Ice        10%        N/A       65%         2
 Frozen Ramparts          Ice            10%        1d2       86%         3
 Spider Form              Tmut/Pois      5%         N/A       86%         3
 Fulminant Prism          Conj/Hex       7%         3d7       91%         4
 Anguish                  Hex/Necr       2%         N/A       99%         4
 Ice Form                 Ice/Tmut       5%         N/A       99%         4
 Summon Ice Beast         Ice/Summ       5%         N/A       99%         4


Dungeon Overview and Level Annotations

Branches:
Dungeon (7/15)
 Temple: D:4-7

Altars:
Sif Muna
Uskayaw

Shops:
D:4 ?*

Annotations:
D:7 Maggie


Message History

Maggie is heavily wounded.
The foxfire hits Maggie.
Maggie is heavily wounded.
Maggie barely misses you.
Casting: Foxfire (safe; 7% risk of failure)
Confirm with . or Enter, or press ? or * to list all spells.
You conjure some foxfire!
The foxfire hits Maggie.
Maggie is severely wounded.
The foxfire hits Maggie.
Maggie is severely wounded.
Maggie mumbles some strange words.
Maggie draws you further into her thrall.
Casting: Foxfire (safe; 7% risk of failure)
Confirm with . or Enter, or press ? or * to list all spells.
You conjure some foxfire!
Maggie casts a spell at you. The bolt of fire hits you!
The bolt of fire hits your foxfire.
Your foxfire completely resists.
Unknown command.
Casting: Foxfire (safe; 7% risk of failure)
Confirm with . or Enter, or press ? or * to list all spells.
You conjure some foxfire!
The foxfire hits Maggie but does no damage.
Maggie is severely wounded.
The foxfire hits Maggie.
Maggie is severely wounded.
The foxfire hits Maggie but does no damage.
Maggie is severely wounded.
The foxfire hits Maggie!
Maggie is almost dead.
Maggie misses you.
Your magical contamination has completely faded away.
Casting: Foxfire (safe; 7% risk of failure)
Confirm with . or Enter, or press ? or * to list all spells.
You conjure some foxfire!
The foxfire hits Maggie.
Maggie is almost dead.
Maggie points at you and mumbles some strange words.
The bolt of fire hits you!!
Ouch! That really hurt!
You die...

#.............#
#.............#### ~♣♣♣♣♣
#....###.........#
~~~PPP♣#....# ####......#
~~~~~~......######......##
.~♣~♣♣~#....#...........#.
♣♣'....#......#'####.
##v§§.#......#.####.
#.@v(#......#....#.
##@###....######.#.
♣..####.###....######.#.
..........+....+........
...####.###....######.#.
#.. .....# #.## #........#
#.# #.... #.# #.###. #.#


You could see Maggie (mesmerising, ally target).

Vanquished Creatures
  Menkaure (D:4)
  Eustachio (D:4)
  2 ice beasts (D:7)
  A centaur (D:7)
  2 hounds
  A jelly (D:5)
  An iguana (D:7)
  A gnoll (D:1)
  7 adders
  An ufetubus (D:5)
  2 worms (D:2)
  An orc (D:5)
  3 endoplasms
  3 giant cockroaches
  9 hobgoblins
  3 jackals (D:2)
  3 quokkas
  3 ball pythons (D:4)
  A bat (D:2)
  3 frilled lizards
  6 goblins
  5 kobolds
  4 rats
64 creatures vanquished.

Vanquished Creatures (collateral kills)
  2 foxfires (D:7)
2 creatures vanquished.

Vanquished Creatures (others)
  405 foxfires
405 creatures vanquished.

Grand Total: 471 creatures vanquished

Notes
Turn   | Place    | Note
-------+----------+-------------------------------------------
     0 | D:1      | Descartes the Deep Elf Fire Elementalist began the quest
                  | for the Orb.
     0 | D:1      | Reached XP level 1. HP: 10/10 MP: 6/6
   152 | D:1      | Found a faded altar of an unknown god.
   254 | D:1      | Reached XP level 2. HP: 15/15 MP: 2/8
  1098 | D:2      | Found a shimmering blue altar of Sif Muna.
  1293 | D:2      | Reached XP level 3. HP: 19/19 MP: 3/9
  2584 | D:3      | Reached XP level 4. HP: 24/24 MP: 5/11
  3245 | D:3      | Reached skill level 4 in Fire Magic
  3550 | D:4      | Noticed Menkaure
  3558 | D:4      | Killed Menkaure
  3559 | D:4      | Reached skill level 1 in Shields
  3559 | D:4      | Reached XP level 5. HP: 22/28 MP: 3/12
  3731 | D:4      | Found Tiujo's General Store.
  3829 | D:4      | Found Hubetump's Magic Scroll Shoppe.
  3843 | D:4      | Reached XP level 6. HP: 32/32 MP: 10/14
  3904 | D:4      | Noticed Eustachio
  3919 | D:4      | Killed Eustachio
  4116 | D:4      | Found a hide-covered altar of Uskayaw.
  4517 | D:5      | Entered Level 5 of the Dungeon
  4571 | D:5      | Reached skill level 5 in Fire Magic
  4943 | D:5      | You fall into a shaft and drop 2 floors!
  4974 | D:7      | Reached XP level 7. HP: 28/36 MP: 9/15
  5049 | D:7      | Learned a level 1 spell: Magic Dart
  5054 | D:7      | Learned a level 4 spell: Flame Wave
  5246 | D:7      | Noticed Maggie
  5263 | D:7      | Killed from afar by Maggie

Illustrated notes

Levels and vault maps discovered:
D:1:      dpeg_arrival_rhombus, layout_loops_ring,
          dreamdust_ecumenical_altar_statues, hangedman_decor_points,
          wander_ebering_terrifying_dragon_lair
D:2:      layout_basic, basic_altar
D:3:      layout_loops_ring
D:4:      layout_cave_pools, mainiacjoe_overflow_alcove_2, serial_shops,
          shop_statue, shop, uniq_menkaure, uniq_eustachio
D:5:      layout_loops_cross, chequers_temple_overflow_statue_of_worship,
          mainiacjoe_overflow_surrounded_room
D:7:      layout_basic, serial_bayou_crossing, uniq_maggie

Skill      XL: |  1  2  3  4  5  6  7 |
---------------+----------------------+-----
Stealth        | 3 4 |  4.6
Conjurations   | 2 3 4 |  4.7
Dodging        | 3 4 |  4.2
Fire Magic     | 4 5 |  5.5
Shields        | 1 2 |  2.0
Spellcasting   | 4 |  4.8

Action                   |  1- 3 |  4- 6 |  7- 9 || total
-------------------------+-------+-------+-------++-------
 Cast: Foxfire           |    91 |   120 |    31 ||   242
Armor: Robe              |     7 |     1 |       ||     8
       Leather armour    |       |     2 |       ||     2
Dodge: Dodged            |    11 |    12 |     5 ||    28
Block: Kite shield       |    21 |     7 |     3 ||    31
